[gd_scene load_steps=12 format=3 uid="uid://luxrgw1b8o6k"]

[ext_resource type="PackedScene" uid="uid://cbj77rsg5bgy5" path="res://entity/player_ship/player_ship_base.tscn" id="1_4vnxw"]
[ext_resource type="Script" path="res://component/ship_control/ship_control_user_input.gd" id="2_2hqck"]
[ext_resource type="Script" path="res://component/movement/movement.gd" id="2_n8w7n"]
[ext_resource type="Script" path="res://component/face_direction/face_direction.gd" id="3_xhyxu"]
[ext_resource type="Script" path="res://component/hitbox/hitbox.gd" id="5_j8hjv"]
[ext_resource type="Script" path="res://component/damage/damage.gd" id="6_oejfe"]
[ext_resource type="Script" path="res://component/hull/hull.gd" id="7_pxc2n"]
[ext_resource type="AudioStream" uid="uid://bdkuaabcas3iy" path="res://entity/player_ship/impact.ogg" id="8_tq15c"]
[ext_resource type="Script" path="res://component/spawn/spawn.gd" id="9_f2nvt"]
[ext_resource type="PackedScene" uid="uid://beu4bhwjn1rcw" path="res://entity/player_ship/player_ship_example_laser.tscn" id="10_p8yfd"]

[sub_resource type="CircleShape2D" id="CircleShape2D_yq1sj"]
radius = 17.0294

[node name="PlayerShip" instance=ExtResource("1_4vnxw")]

[node name="Shape" parent="." index="0"]
visible = false

[node name="ShipControlUserInput" type="Node" parent="." index="2" node_paths=PackedStringArray("movement", "shooters")]
script = ExtResource("2_2hqck")
movement = NodePath("../Movement")
shooters = [NodePath("../LaserLeft"), NodePath("../LaserRight")]
steer_acceleration = 200.0

[node name="Movement" type="Node" parent="." index="3"]
script = ExtResource("2_n8w7n")

[node name="FaceDirection" type="Node" parent="." index="4" node_paths=PackedStringArray("align_with_movement")]
script = ExtResource("3_xhyxu")
align_with_movement = NodePath("../Movement")

[node name="HitBox" type="Area2D" parent="." index="5"]
collision_mask = 2
script = ExtResource("5_j8hjv")

[node name="Shape" type="CollisionShape2D" parent="HitBox" index="0"]
shape = SubResource("CircleShape2D_yq1sj")

[node name="Damage" type="Node" parent="." index="6"]
script = ExtResource("6_oejfe")

[node name="Hull" type="Node" parent="." index="7" node_paths=PackedStringArray("disabled_components")]
script = ExtResource("7_pxc2n")
defense = 50
disabled_components = [NodePath("../Sprite"), NodePath("../ShipControlUserInput"), NodePath("../Movement"), NodePath("../FaceDirection"), NodePath("../HitBox"), NodePath("../Damage")]

[node name="ImpactSFX" type="AudioStreamPlayer2D" parent="." index="8"]
stream = ExtResource("8_tq15c")

[node name="LaserLeft" type="Marker2D" parent="." index="9"]
position = Vector2(-8, -32)
script = ExtResource("9_f2nvt")
spawn_scn = ExtResource("10_p8yfd")
cooldown = 0.1
initial_movement = Vector2(0, -1000)

[node name="LaserRight" type="Marker2D" parent="." index="10"]
position = Vector2(8, -32)
script = ExtResource("9_f2nvt")
spawn_scn = ExtResource("10_p8yfd")
cooldown = 0.1
initial_movement = Vector2(0, -1000)

[connection signal="hit" from="HitBox" to="Damage" method="apply"]
[connection signal="damaged" from="Hull" to="ImpactSFX" method="play"]
